 Dungeon Crawl Stone Soup version 0.32-a0-871-ge202e49faa (webtiles) character file.

Game seed: 15496810008729880552

121 KennySheep the Chopper (level 4, -10/40 HPs)
             Began as a Mountain Dwarf Cinder Acolyte on Mar 30, 2024.
             Was an Initiate of Cheibriados.
             Mangled by a fire elemental (13 damage)
             ... created by the fiery vengeance of Ignis
             ... on level 3 of the Dungeon.
             The game lasted 00:04:25 (2028 turns).

KennySheep the Chopper (MDCA)                       Turns: 2028, Time: 00:04:26

Health: -10/40     AC:  3    Str: 19    XL:     4   Next: 77%
Magic:  5/5        EV:  8    Int: 16    God:    Cheibriados [......]
Gold:   114        SH:  7    Dex:  6    Spells: 5/5 levels left

rFire   . . .        a - -1 hand axe (flame)
rCold   . . .        e - +2 kite shield
rNeg    . . .        b - +0 robe
rPois   .            (no helmet)
rElec   .            (no cloak)
rCorr   .            (no gloves)
SInv    .            g - +0 pair of boots
Will    .....        (no amulet)
Stlth   +            (no ring)
HPRegen 0.26/turn    (no ring)
MPRegen 0.09/turn

%: no passive effects
@: about to teleport, fire susceptible, very slow
A: runic magic, artefact enchanting
a: Renounce Religion


You were on level 3 of the Dungeon.
You worshipped Cheibriados.
Cheibriados was noncommittal.
You visited 1 branch of the dungeon, and saw 5 of its levels.

You collected 114 gold pieces.

Inventory:

Hand Weapons
 a - a -1 hand axe of flaming (weapon)
Armour
 b - a +0 robe (worn)
 e - a +2 kite shield (worn)
 g - a +0 pair of boots (worn)
Scrolls
 f - a scroll of enchant weapon
 j - a scroll of enchant armour {unknown}
 k - a scroll of fear {unknown}
 l - a scroll of revelation {unknown}
 n - a scroll of summoning {unknown}
 o - 2 scrolls of vulnerability
 p - a scroll of fog
Potions
 c - a potion of heal wounds {unknown}
 h - a potion of haste {unknown}
 m - a potion of enlightenment {unknown}
 q - a potion of mutation {unknown}
 r - a potion of might {unknown}


   Skills:
 + Level 4.1 Fighting
 * Level 5.3 Axes
 + Level 2.0 Armour
 - Level 1.0 Spellcasting
 - Level 3.6 Fire Magic
 * Level 1.2 Invocations


You had 5 spell levels left.
You didn't know any spells.
Your spell library contained the following spells:

 Spells                   Type           Power      Damage    Failure   Level
 Scorch                   Fire           24%        2d6       22%         2
 Summon Small Mammal      Summ           0%         N/A       54%         1
 Call Canine Familiar     Summ           0%         N/A       89%         3
 Sigil of Binding         Hex            0%         N/A       89%         3
 Summon Blazeheart Golem  Fire/Summ      6%         N/A       97%         4
 Dimensional Bullseye     Hex/Tloc       0%         N/A       100%        4


Dungeon Overview and Level Annotations

Branches:
Dungeon (5/15)
 Temple: D:4-7

Altars:
Cheibriados


Innate Abilities, Weirdness & Mutations

Your spellcasting is much less encumbered by armour.
You can use scrolls of enchantment on lesser artefacts.


Message History

You closely miss the quokka. You block the quokka's attack.
The quokka closely misses you.
You hit the quokka but do no damage. You block the quokka's attack.
You closely miss the quokka.
You feel your willpower return. The quokka bites you.
The quokka barely misses you.
You barely miss the quokka. The quokka barely misses you.
You hit the quokka. You burn the quokka.
The quokka is severely wounded.
The quokka closely misses you. You block the quokka's attack.
You hit the quokka but do no damage.
The quokka is severely wounded.
The quokka barely misses you.
You slash the quokka! You burn the quokka.
You kill the quokka!
Cheibriados appreciates the change of pace.
No target in view!
HP restored.
Ignis calls forth spirits of fire to unmake you! 3 fire elementals come into view.
There are monsters nearby!
The fire elemental barely misses you. The fire elemental hits you.
The fire elemental burns you!
You hit the fire elemental.
The fire elemental is lightly damaged.
You block the fire elemental's attack. x2
You closely miss the fire elemental.
The fire elemental is lightly damaged.
The fire elemental hits you. The fire elemental burns you!
You barely miss the fire elemental.
The fire elemental is lightly damaged.
The fire elemental hits you. The fire elemental burns you!
* * * LOW HITPOINT WARNING * * *
The fire elemental barely misses you.
Okay, then.
As you read the scroll of teleportation, it crumbles to dust.
You feel strangely unstable. The fire elemental hits you.
The fire elemental burns you!
You die...
Cheibriados appreciates the motionlessness of death.

###...# #.......###.......##
#...# ##.....## ##########
#...########...## #
...##........## ####### #
...##.##......#####.....# #
..................#.....# #
.........##.#.###.......# #
.........##....####.....# #.
###.....###@#..# #.....# #.
#...○.# #E#..########## #
#.####....○###E..†#......# #
#.#........○°E#.#.#.####.# #
###.#.........°.#.#.....>#<#
#
........._.......###.##.#.#
# #.#...........###
#......######
####.......)....#
####.........
.....###.....#### ##########


You could see 3 fire elementals.

Vanquished Creatures
  An orc wizard (D:3)
  3 gnolls (D:3)
  2 adders
  A dart slug (D:3)
  A ribbon worm (D:3)
  2 ball pythons
  3 bats (D:1)
  4 endoplasms
  4 giant cockroaches
  A goblin (D:2)
  3 hobgoblins
  2 jackals (D:2)
  5 quokkas
  3 frilled lizards
  6 kobolds
  4 rats
45 creatures vanquished.

Notes
Turn   | Place    | Note
-------+----------+-------------------------------------------
     0 | D:1      | KennySheep the Mountain Dwarf Cinder Acolyte began the
                  | quest for the Orb.
     0 | D:1      | Reached XP level 1. HP: 19/19 MP: 2/2
   270 | D:1      | Reached skill level 4 in Axes
   270 | D:1      | Reached XP level 2. HP: 25/26 MP: 3/3
   753 | D:2      | Reached skill level 1 in Armour
   998 | D:2      | Reached XP level 3. HP: 23/33 MP: 4/4
  1369 | D:3      | Found a snail-covered altar of Cheibriados.
  1491 | D:3      | Reached skill level 5 in Axes
  1491 | D:3      | Reached XP level 4. HP: 33/40 MP: 5/5
  1644 | D:3      | Fell from the grace of Ignis
  1644 | D:3      | Became a worshipper of Cheibriados the Contemplative
  1819 | D:3      | Reached skill level 1 in Invocations
  1953 | D:3      | You fall into a shaft and drop 2 floors!
  1953 | D:5      | Entered Level 5 of the Dungeon
  2020 | D:3      | Noticed a fire elemental
  2020 | D:3      | Noticed a fire elemental
  2020 | D:3      | Noticed a fire elemental
  2028 | D:3      | Mangled by a fire elemental

Illustrated notes

Levels and vault maps discovered:
D:1:      reono_arrival_mine, layout_loops_cross, hex_medium, minmay_liquid_box
D:2:      layout_loops_ring
D:3:      layout_loops_cross, slow_altar_1
D:4:      layout_layer_cave, nemelex_dance_club_becter, temple_doors_e,
          kennysheep_another_room, uniq_grinder
D:5:      layout_gridville, minmay_misc_feat_pillars

Skill      XL: |  1  2  3  4 |
---------------+-------------+-----
Axes           | 4 5 |  5.3
Armour         | 1 2 |  2.0
Fighting       | 4 |  4.1
Invocations    | 1 |  1.2
Spellcasting   | |  1.0
Fire Magic     | |  3.6

Action                     |  1- 3 |  4- 6 || total
---------------------------+-------+-------++-------
  Melee: Hand axe          |   110 |    43 ||   153
    Use: Scroll            |       |     5 ||     5
 Armour: Robe              |    68 |    23 ||    91
  Dodge: Dodged            |    39 |    16 ||    55
  Block: Kite shield       |    35 |    22 ||    57

Table legend: (Time is in decaauts)
 A = Elapsed time spent in this place.
 B = Non-inter-level travel time spent in this place.
 C = Inter-level travel time spent in this place.
 D = Time resting spent in this place.
 E = Time spent auto-exploring this place.
 F = Levels seen in this place.
 G = Mean time per level.
                   A        B        C        D        E       F      G
               +--------+--------+--------+--------+--------+-----+--------+
         Total |   2129 |   2048 |     81 |    125 |   1505 |   5 |  425.8 |
       Dungeon |   2129 |   2048 |     81 |    125 |   1505 |   5 |  425.8 |
               +--------+--------+--------+--------+--------+-----+--------+

Top non-repeatable levels by time:
     D:1: 760 daAuts
     D:3: 685 daAuts
     D:2: 629 daAuts
     D:4: 49 daAuts
     D:5: 4 daAuts
